 Dungeon Crawl Stone Soup version 0.30-a0-760-g5a9884bb7c (webtiles) character file.

Game seed: 8243897421917776301

1505091 Zappman123 the Cryomancer (level 27, 206/206 HPs)
             Began as a Barachi Ice Elementalist on Feb 10, 2023.
             Was a High Priest of Hepliaklqana.
             Escaped with the Orb
             ... and 3 runes!
             The game lasted 03:33:07 (88957 turns).

Zappman123 the Cryomancer (BaIE)                   Turns: 88957, Time: 03:33:08

Health: 206/206    AC: 30    Str: 12    XL:     27
Magic:  45/45      EV: 15    Int: 26    God:    Hepliaklqana [*****.]
Gold:   6567       SH: 16    Dex: 14    Spells: 36/62 levels left

rFire   + . .      SeeInvis +    a - staff of conjuration
rCold   + + +      Faith    .    U - +0 kite shield {reflect}
rNeg    + + .      Spirit   .    M - +8 fire dragon scales
rPois   +          Reflect  +    (helmet restricted)
rElec   +          Harm     .    o - +2 cloak {rCorr}
rCorr   +          Rampage  .    V - +2 pair of gloves {Stlth+}
Will    ++++.      Rage     50%  (no boots)
Stlth   +                        p - necklace of Bloodlust {Fury *Rage Will++ Int-3 Slay+6}
HPRegen 0.54/turn                x - ring "Fazipp" {rC++ SInv}
MPRegen 0.29/turn                r - ring "Usin" {Ice *Corrode rElec rN++ Int+3}

@: slow
A: reduced essence, amphibious, slowness 1, strong legs 2, +LOS, antennae 1,
cold resistance 1, poison resistance, inability to drink after injury 1
0: Orb of Zot
}: 3/15 runes: barnacled, silver, gossamer
a: Hop, Renounce Religion, Recall Ancestor, Ancestor Identity, Transference,
Idealise


You escaped.
You worshipped Hepliaklqana.
Hepliaklqana was extremely pleased with you.
You visited 10 branches of the dungeon, and saw 48 of its levels.
You visited 1 ziggurat, and saw 8 of its levels.
You also visited: Sewer and Volcano.

You collected 9053 gold pieces.
You spent 2486 gold pieces at shops.

Inventory:

Hand Weapons
 b - a +9 demon trident of protection
Missiles
 i - 4 throwing nets
 G - 3 curare-tipped darts (quivered)
Armour
 o - a +2 cloak of preservation (worn)
 E - a scarf of invisibility
 M - +8 fire dragon scales (worn)
 U - a +0 kite shield of reflection (worn)
 V - a +2 pair of gloves of stealth (worn)
Magical Staves
 a - a staff of conjuration (weapon)
Jewellery
 c - an amulet of regeneration
 d - a ring of flight
 p - the necklace of Bloodlust (around neck) {Fury *Rage Will++ Int-3 Slay+6}
   (You took it off a merfolk on level 4 of the Shoals)

   [amulet of nothing]

   Fury:      It extends the wearer's berserk rage when killing foes.
   Int:       It affects your intelligence (-3).
   Slay:      It affects your accuracy & damage with ranged weapons and melee
   (+6).
   *Rage:     It berserks you when you make melee attacks (+50% chance).
   Will:      It greatly increases your willpower.
 r - the ring "Usin" (right hand) {Ice *Corrode rElec rN++ Int+3}
   (You took it off a spriggan berserker on level 2 of the Depths)

   [ring of ice]

   It enhances your ice magic.
   Int:       It affects your intelligence (+3).
   rF:        It makes you vulnerable to fire.
   rC:        It protects you from cold.
   rElec:     It insulates you from electricity.
   rN:        It greatly protects you from negative energy.
   *Corrode:  It may corrode you when you take damage.
 x - the ring "Fazipp" (left hand) {rC++ SInv}
   (You found it on level 3 of the Shoals)

   [ring of see invisible]

   rC:        It greatly protects you from cold.
   SInv:      It lets you see invisible.
 L - the amulet of the Air {Inacc Air Fly rElec RMsl}
   (You found it on level 2 of the Vaults)

   [amulet of nothing]

   Inacc:     It reduces the accuracy of your attacks and spells.
   Air:       It enhances your air magic.
   rElec:     It insulates you from electricity.
   Fly:       It grants you flight.
   RMsl:      It protects you from missiles.
Wands
 J - a wand of charming (10)
 K - a wand of iceblast (37)
 Q - a wand of digging (13)
 S - a wand of quicksilver (13)
 Z - a wand of mindburst (13)
Scrolls
 e - 12 scrolls of amnesia
 h - 13 scrolls of teleportation
 l - 7 scrolls of vulnerability
 n - 3 scrolls of magic mapping
 s - 7 scrolls of poison
 t - a scroll of enchant armour
 A - 4 scrolls of fear
 B - 10 scrolls of immolation
 I - 5 scrolls of summoning
 N - 3 scrolls of blinking
 X - 3 scrolls of fog
Potions
 f - 5 potions of haste
 g - 12 potions of cancellation
 u - 6 potions of resistance
 w - 7 potions of brilliance
 y - 10 potions of ambrosia
 C - 6 potions of mutation
 D - 15 potions of heal wounds
 O - 6 potions of might
 P - 5 potions of magic
 T - 21 potions of curing
 Y - a potion of invisibility
Miscellaneous
 j - a lightning rod (4/4)
 k - a tin of tremorstones (2/2)
 m - a condenser vane
 q - a phantom mirror
 v - a box of beasts
 z - a phial of floods


   Skills:
 + Level 21.5 Fighting
 - Level 6.0 Polearms
 - Level 18.0 Armour
 - Level 18.0 Dodging
 - Level 1.7 Stealth
 - Level 22.0 Shields
 - Level 18.0 Spellcasting
 - Level 20.0 Conjurations
 - Level 6.0 Translocations
 - Level 22.0 Ice Magic
 - Level 6.0 Air Magic
 - Level 13.1 Invocations
 - Level 12.0 Evocations


You had 36 spell levels left.
You knew the following spells:

 Your Spells              Type           Power      Damage    Failure   Level
a - Orb of Destruction    Conj           56%        9d14      1%          7
b - Ozocubu's Armour      Ice            100%       N/A       0%          3
c - Ozocubu's Refrigerat  Ice            59%        4d20      1%          7
d - Frozen Ramparts       Ice            100%       1d16      0%          3
s - Swiftness             Air            53%        N/A       2%          3
z - Freeze                Ice            100%       1d10      0%          1
Z - Blink                 Tloc           100%       N/A       1%          2

Your spell library contained the following spells:

 Spells                   Type           Power      Damage    Failure   Level
 Magic Dart               Conj           100%       1d8       0%          1
 Searing Ray              Conj           100%       2d8       0%          2
 Hailstorm                Conj/Ice       100%       3d20      0%          3
 Foxfire                  Conj/Fire      100%       2x1d9     1%          1
 Shock                    Conj/Air       100%       1d9       1%          1
 Ensorcelled Hibernation  Hex/Ice        100%       N/A       1%          2
 Lesser Beckoning         Tloc           100%       N/A       1%          2
 Momentum Strike          Conj/Tloc      100%       3d10      1%          2
 Static Discharge         Conj/Air       100%       2-7/arc   1%          2
 Mephitic Cloud           Conj/Pois/Air  80%        N/A       1%          3
 Stone Arrow              Conj/Erth      100%       3d13      1%          3
 Flame Wave               Conj/Fire      85%        2d18      1%          4
 Fulminant Prism          Conj/Hex       42%        3d19      1%          4
 Ice Form                 Ice/Tmut       88%        N/A       1%          4
 Sticky Flame             Conj/Fire      85%        2d10      1%          4
 Summon Ice Beast         Ice/Summ       88%        N/A       1%          4
 Arcjolt                  Conj/Air       47%        1d57      1%          5
 Freezing Cloud           Conj/Ice/Air   63%        6-21      1%          5
 Iskenderun's Battlesphe  Conj           100%       2d15      1%          5
 Lightning Bolt           Conj/Air       47%        1d67      1%          5
 Vhi's Electric Charge    Tloc/Air       100%       N/A       2%          3
 Poisonous Vapours        Pois/Air       78%        N/A       3%          2
 Kindle Blastsparks       Fire/Tloc/Air  88%        2d17      4%          3
 Fireball                 Conj/Fire      42%        3d17      4%          5
 Cigotuvi's Dreadful Rot  Necr/Pois/Air  66%        N/A       6%          2
 Conjure Ball Lightning   Conj/Air       47%        3x3d16    6%          6
 Airstrike                Air            26%        2d(4-20)  8%          4
 Manifold Assault         Tloc           53%        N/A       8%          4
 Passage of Golubria      Tloc           53%        N/A       8%          4
 Beastly Appendage        Tmut           46%        N/A       9%          1
 Necrotise                Necr           92%        1d8       9%          1
 Sandblast                Erth           46%        2d11      9%          1
 Summon Small Mammal      Summ           92%        N/A       9%          1
 Call Imp                 Summ           23%        N/A       13%         2
 Passwall                 Tmut/Erth      19%        N/A       13%         2
 Scorch                   Fire           46%        2d7       13%         2
 Wereblood                Tmut           23%        N/A       13%         2
 Simulacrum               Ice/Necr       44%        N/A       14%         6
 Starburst                Conj/Fire      42%        6d12      22%         6
 Call Canine Familiar     Summ           23%        N/A       26%         3
 Ignite Poison            Fire/Tmut/Pois 23%        N/A       26%         3
 Spider Form              Tmut/Pois      23%        N/A       26%         3
 Summon Guardian Golem    Hex/Summ       23%        N/A       26%         3
 Tukima's Dance           Hex            23%        N/A       26%         3
 Vampiric Draining        Necr           23%        2d7       26%         3
 Summon Lightning Spire   Summ/Air       39%        N/A       26%         4
 Silence                  Hex/Air        19%        N/A       56%         5
 Anguish                  Hex/Necr       11%        N/A       65%         4
 Animate Dead             Necr           23%        N/A       65%         4
 Cause Fear               Hex            11%        N/A       65%         4
 Dispersal                Tloc           26%        N/A       75%         6
 Spellforged Servitor     Conj/Summ      42%        N/A       77%         7
 Agony                    Necr           23%        N/A       94%         5
 Summon Mana Viper        Hex/Summ       23%        N/A       94%         5
 Yara's Violent Unravell  Hex/Tmut       11%        3d6       94%         5
 Statue Form              Tmut/Erth      15%        N/A       100%        6
 Summon Cactus Giant      Summ           11%        N/A       100%        6
 Dragon Form              Tmut           11%        N/A       100%        7
 Enfeeble                 Hex            11%        N/A       100%        7
 Monstrous Menagerie      Summ           11%        N/A       100%        7
 Storm Form               Tmut/Air       19%        N/A       100%        7
 Borgnjor's Revivificati  Necr           11%        N/A       100%        8
 Disjunction              Tloc           26%        N/A       100%        8
 Ignition                 Fire           11%        3d5       100%        8
 Lehudib's Crystal Spear  Conj/Erth      42%        10d10     100%        8
 Maxwell's Capacitive Co  Air            26%        ∞         100%        8
 Necromutation            Tmut/Necr      11%        N/A       100%        8
 Summon Horrible Things   Summ           11%        N/A       100%        8
 Death's Door             Necr           11%        N/A       100%        9
 Dragon's Call            Summ           11%        N/A       100%        9
 Fire Storm               Conj/Fire      42%        8d11      100%        9


Dungeon Overview and Level Annotations

Branches:
Dungeon (15/15)            Temple (1/1) D:4            Lair (5/5) D:10
 Shoals (4/4) Lair:3       Spider (4/4) Lair:3        Slime (0/5) Lair:5
    Orc (2/2) D:10            Elf (3/3) Orc:2        Vaults (5/5) D:14
  Crypt (0/3) Vaults:3     Depths (4/4) D:15            Zot (5/5) Depths:4
  Sewer (visited)         Volcano (visited)

Altars:
Ashenzari
Cheibriados
Dithmenos
Elyvilon
Fedhas
Gozag
Hepliaklqana
Kikubaaqudgha
Makhleb
Nemelex Xobeh
Okawaru
Qazlal
Ru
Sif Muna
Trog
Uskayaw
Vehumet
Wu Jian
Xom
Yredelemnul
Zin
The Shining One
Jiyva
Lugonu

Shops:
D:8 (   D:9 !   Orc:2 !?[:   Elf:1 [[*   Elf:2 ?   Shoals:3 !([   Vaults:1 =
Vaults:3 [   Depths:3 (

Portals:
Hell: Depths:1 Depths:2 Depths:3 Depths:4
Abyss: Lair:5 Depths:2 Depths:3 Depths:4
Pandemonium: Depths:1 Depths:2
Trove: Depths:4 (give +2 gold dragon scales)

Annotations:
D:4 3 exclusions, DEFE's ghost, novice DsWn
D:5 exclusion: downstairs
D:10 3 runed translucent doors, DEFE's ghost, novice DsWn
D:14 2 transporters, SlaveLabor's ghost, adept DrFE
Lair:1 exclusion: downstairs
Shoals:3 Xeucuol's ghost, adept MiFi
Spider:3 1 runed translucent door, Nonseq's ghost, adept GrEE
Spider:4 3 runed translucent doors, Cosiarut's ghost, journeyman FeSu
Elf:1 6 runed translucent doors
Elf:2 3 runed translucent doors
Depths:2 2 transporters, Zappman123's ghost, veteran MiFi


Innate Abilities, Weirdness & Mutations

Your life essence is reduced to manifest your ancestor. (-10% HP)
You are amphibious.
You cover ground slowly.
You can hop long distances.
You have an extended range of vision and can be seen from far away.
You have a pair of small antennae on your head.
Your flesh is cold resistant. (rC+)
Your system is resistant to poisons. (rPois)
You occasionally lose the ability to drink potions when taking damage.


Message History

A smoke demon is nearby!
A smoke demon is nearby!
A smoke demon is nearby!
A smoke demon is nearby!
TehSir hits the smoke demon with a +0 broad axe of speed.
TehSir hits the smoke demon with a +0 broad axe of speed.
TehSir barely misses the smoke demon.
TehSir hits the smoke demon with a +0 broad axe of speed!
TehSir hits the smoke demon with a +0 broad axe of speed!
TehSir hits the smoke demon with a +0 broad axe of speed.
The smoke demon gestures at TehSir.
TehSir is smitten.
TehSir hits the smoke demon with a +0 broad axe of speed!!
The smoke demon dies!
There is a stone staircase leading up here.
You climb upwards.
There is a stone staircase leading down here.
(D) Dungeon (T) Temple (L) Lair (A) Shoals (N) Spider Nest (M) Slime Pits (O) Orcish Mines (E) Elven Halls (V) Vaults (C) Crypt (U) Depths (H) Hell (Z) Zot
Where to? (Enter - D:1, ? - help)
What level of the Dungeon? (default 1, ? - help) TehSir is no longer moving quickly.
Magic restored.
There is a stone staircase leading up here.
You climb upwards.
There is a stone staircase leading down here.
There is a stone staircase leading up here.
You climb upwards.
There is a stone staircase leading down here.
Unknown command.
You feel yourself speed up.
You swap places.
Your extra speed is starting to run out.
You feel yourself slow down.
You open the door.
There is an open door here.
There is a staircase leading out of the dungeon here.
You have escaped!

..# #.# #.####..#.#
P ..####.#
#.......#.# P
.......#
######..#.# #
...#######
#..#.########♣
...#.....#
#..#........#♣
...#.###.#
#..###......#
..##.#...#
######....#.#######
...#.#.###
#.............# #..
#..#.#.#
#.@.R.....#.#.# ###
.......###
#>........#...# #
##.......##
###'#####.###.#####
###.##...#
#.##....# #R.....
####.#....#
##.##.##.# #.#####
.....#.#..#
#>###.##.# #.# #
.#####.##.#
#'###.######R#####
......[##.#
#...#.....##.##...
.......##.#
#...#.###.##..'...


You could see the friendly TehSir the knight (reflecting).

Vanquished Creatures
  2 orbs of fire (Zot:5)
  4 ancient liches
  A juggernaut (Depths:2)
  Sojobo (Depths:1)
  Saint Roka (Vaults:4)
  3 Killer Klowns
  2 caustic shrikes (Depths:2)
  A curse toe (Zot:4)
  3 golden dragons
  Nikola (Spider:2)
  Arachne (Spider:1)
  3 tentacled monstrosities
  9 Orb Guardians (Zot:5)
  Asterion (Depths:1)
  A lich (Depths:2)
  A walking crystal tome (Depths:3)
  Mlioglotl (Shoals:2)
  2 quicksilver dragons (Zot:5)
  4 titans
  An acid blob (Zig:7)
  A deep elf blademaster (Elf:3)
  A walking frostbound tome (Depths:2)
  4 deep elf master archers (Elf:3)
  The ghost of Zemnit the Fighter, an adept OgFi of Lugonu (D:15)
  4 sphinxes
  2 death cobs (Zot:5)
  A kraken (Shoals:3)
  3 shadow dragons
  A storm dragon (Zot:5)
  Donald (Shoals:1)
  2 draconian monks
  4 tengu reavers
  An azure jelly (Zig:3)
  A rockslime (Zig:7)
  6 fire giants
  2 draconian scorchers (Zig:5)
  3 draconian knights
  2 frost giants
  15 vault wardens
  6 emperor scorpions
  A ghost moth (Zig:8)
  4 deep elf sorcerers (Elf:3)
  2 orc warlords
  2 draconian shifters
  4 deep elf elementalists (Elf:3)
  3 spriggan defenders
  3 draconian annihilators
  A quicksilver ooze (Zig:7)
  18 very ugly things
  A war gargoyle (Vaults:5)
  A vampire knight (Depths:1)
  12 ironbound preservers
  8 ironbound thunderhulks
  15 stone giants
  2 broodmothers (Spider:4)
  3 green draconians
  2 black draconians
  4 deep elf annihilators
  A yellow draconian (Zot:4)
  3 deep elf demonologists
  2 white draconians (Depths:4)
  A dire elephant (Vaults:2)
  A purple draconian (Zot:5)
  4 spark wasps
  13 ettins
  2 red draconians
  6 merfolk javelineers
  8 deep elf death magi
  3 merfolk impalers
  6 entropy weavers
  6 deep elf high priests
  Harold (Orc:1)
  An ice dragon (Depths:3)
  5 fire dragons
  4 great orbs of eyes
  30 vault guards
  4 spriggan air magi (Depths:2)
  4 hydras
  13 yaktaur captains
  3 rakshasas
  Erolcha (D:10)
  A hell beast (Depths:1)
  3 ironbound frosthearts
  A jorogumo (Spider:4)
  5 merfolk avatars
  A spriggan skeleton (Depths:2)
  2 ogre magi
  Erica (D:8)
  A catoblepas (Shoals:2)
  10 death yaks
  13 centaur warriors
  7 merfolk aquamancers (Shoals:4)
  2 radroaches
  A dancing weapon (Elf:1)
  2 boulder beetles
  2 deep troll shamans
  5 tengu warriors
  Urug (Lair:3)
  A deep troll earth mage (Vaults:5)
  2 vampire magi
  3 hell hogs (Depths:1)
  5 two-headed ogres
  4 orc high priests (Orc:2)
  8 sun demons
  3 thrashing horrors (Lair:5)
  9 deep elf knights
  A shock serpent (shapeshifter) (Depths:3)
  2 spriggan berserkers (Depths:2)
  A shadow wraith (Vaults:1)
  4 iron trolls
  2 skeletal warriors (D:15)
  3 skysharks
  4 pharaoh ants
  33 deep trolls
  8 orb spiders
  An orange crystal statue (Zig:8)
  5 glowing orange brains
  2 flayed ghosts
  2 sun moths (Spider:4)
  Pikel (D:6)
  16 lindwurms
  A shadow demon (Depths:4)
  7 wizards
  A phantasmal warrior (Vaults:5)
  8 harpies
  13 sea snakes
  12 ironbound convokers
  10 deep elf archers
  2 steelbarb worms
  15 deep elf zephyrmancers
  6 necromancers
  23 deep elf pyromancers
  11 manticores
  11 wolf spiders
  8 orc knights
  3 orc sorcerers
  A wolf spider (shapeshifter) (Lair:5)
  39 ugly things
  A cyclops (shapeshifter) (D:13)
  7 cyclopes
  2 shining eyes
  A stone giant zombie (Vaults:1)
  A manticore (shapeshifter) (Vaults:5)
  A faun (Shoals:2)
  10 merfolk sirens
  13 moths of wrath
  2 demonic crawlers
  18 vault sentinels
  13 water nymphs
  A spectral elf (Elf:2)
  3 black mambas
  3 torpor snails
  13 cane toads
  4 smoke demons
  The ghost of CoolSool the Covert, a novice FeCj of Dithmenos (D:9)
  2 gargoyles
  A hellion (Zot:5)
  2 unseen horrors
  A yaktaur (shapeshifter) (Lair:5)
  A rime drake (Lair:5)
  46 yaktaurs
  2 ancient zymes (Lair:5)
  9 komodo dragons
  Psyche (D:10)
  7 tengu conjurers
  4 meliai
  2 polar bears
  A meliai (shapeshifter) (Vaults:5)
  6 trolls
  10 wind drakes
  A tarantella (shapeshifter) (Lair:5)
  12 hornets
  2 dream sheep (Shoals:1)
  34 merfolk
  28 tarantellas
  13 snapping turtles
  21 blink frogs
  A flying skull (Elf:2)
  A ynoxinul (Lair:5)
  10 culicivoras
  23 slime creatures
  16 jumping spiders
  13 water elementals
  8 spriggans
  2 air elementals
  7 basilisks
  A yak (shapeshifter) (Lair:5)
  67 yaks
  5 golden eyes
  3 fire bats (Orc:2)
  5 wyverns
  A wraith (D:14)
  A golden eye (shapeshifter) (D:14)
  5 steam dragons (Volcano)
  6 fire elementals
  3 chaos spawn
  A neqoxec (Depths:4)
  48 redbacks
  10 vampire mosquitoes
  A warg (Orc:1)
  2 acid dragons
  5 hell hounds (Volcano)
  20 water moccasins
  2 floating eyes
  A floating eye (shapeshifter) (D:13)
  6 small abominations (Lair:5)
  3 ice beasts
  7 black bears
  16 orc warriors
  6 ogres
  6 wolves (Lair:1)
  4 boggarts
  2 centaurs
  A phantom (D:4)
  3 lemures (D:6)
  A necrophage (D:5)
  8 bullfrogs
  5 kobold brigands
  2 gnoll sergeants
  2 scorpions
  A wight (D:10)
  9 killer bees
  2 howler monkeys
  9 electric eels
  A lava snake (Orc:2)
  3 jellies
  22 orc priests
  5 hounds
  Jessica (D:3)
  2 iguanas
  21 orc wizards
  Robin (D:4)
  4 gnolls (D:12)
  12 adders
  2 shadow imps
  3 white imps (D:7)
  2 ufetubi
  5 worms
  2 dart slugs
  64 orcs
  9 endoplasms
  5 giant cockroaches
  9 hobgoblins
  27 kobolds
  5 quokkas
  9 ball pythons
  7 bats
  3 frilled lizards
  21 goblins
  10 rats
  A bush (Shoals:3)
  2 starspawn tentacles (Shoals:2)
  2 tentacles (Shoals:3)
1582 creatures vanquished.

Vanquished Creatures (collateral kills)
  A dread lich (Vaults:5)
  2 ancient liches
  An orb of fire (Zot:5)
  2 Killer Klowns
  A curse toe (Zot:4)
  7 caustic shrikes
  5 golden dragons
  the Enchantress (Depths:1)
  2 doom hounds (Zot:4)
  2 electric golems (Zot:5)
  7 tentacled monstrosities
  13 Orb Guardians
  3 liches
  A titan (Vaults:5)
  Grunn (Zot:4)
  A deep elf blademaster (Elf:3)
  2 quicksilver dragons
  Polyphemus (Shoals:2)
  2 death cobs
  2 sphinxes
  A kraken (Shoals:4)
  5 tengu reavers
  Agnes (Spider:2)
  8 shadow dragons
  A draconian monk (Zot:2)
  4 storm dragons
  An azure jelly (shapeshifter) (Zig:6)
  An emperor scorpion (Spider:4)
  3 fire giants
  A draconian knight (Zig:5)
  2 azure jellies (Zig:7)
  Ilsuiw (Shoals:2)
  14 frost giants
  A spectral juggernaut (Depths:1)
  2 iron dragons
  13 vault wardens
  6 ghost moths
  A curse skull (Elf:2)
  Aizul (Vaults:4)
  A spriggan defender (Depths:1)
  2 draconian shifters
  A draconian stormcaller (Depths:4)
  A draconian annihilator (Zot:3)
  5 ironbound preservers
  4 stone giants
  2 reapers
  4 war gargoyles
  2 ironbound thunderhulks
  5 vampire knights
  20 very ugly things
  A green draconian (Zot:3)
  Nessos (Orc:2)
  4 deep elf demonologists
  4 black draconians
  A minotaur (D:15)
  2 yellow draconians
  3 deep elf annihilators (Elf:3)
  A purple draconian (Zot:5)
  2 crystal guardians (Vaults:4)
  2 white draconians
  3 fire dragons
  5 ettins
  A great orb of eyes (shapeshifter) (Vaults:5)
  2 merfolk impalers (Shoals:4)
  A jiangshi (Elf:2)
  2 yaktaur captains
  An entropy weaver (Vaults:3)
  8 ice dragons
  2 rakshasas (Depths:2)
  3 peacekeepers (Vaults:4)
  A juggernaut simulacrum (Depths:2)
  3 great orbs of eyes
  2 hydras
  A radroach (shapeshifter) (Vaults:5)
  7 vault guards
  4 ironbound frosthearts
  3 spriggan air magi (Depths:2)
  9 centaur warriors
  4 death yaks
  A radroach (Spider:4)
  3 boulder beetles
  7 dancing weapons
  A merfolk aquamancer (Shoals:4)
  A deep troll shaman (Depths:2)
  A vampire mage (Elf:2)
  3 hell hogs (Depths:1)
  2 deep troll earth magi (Vaults:5)
  2 tengu warriors
  A thrashing horror (Lair:5)
  A hell knight (Depths:1)
  A spriggan berserker (Depths:2)
  2 deep elf knights (Elf:1)
  3 soul eaters (Depths:1)
  A sun moth (Spider:3)
  A pharaoh ant (Spider:1)
  11 skeletal warriors
  3 iron trolls
  15 deep trolls
  2 elf simulacra (Elf:2)
  2 flayed ghosts
  5 sea snakes
  A glowing orange brain (shapeshifter) (D:15)
  An obsidian statue (Zig:8)
  An orange crystal statue (Zig:8)
  A necromancer (Vaults:1)
  A tengu zombie (Vaults:2)
  4 ironbound convokers
  2 wizards
  A steelbarb worm (Spider:3)
  10 phantasmal warriors
  A lindwurm (Vaults:1)
  3 harpies
  A mana viper (shapeshifter) (Vaults:5)
  2 orc knights (Vaults:1)
  2 deep elf pyromancers
  3 deep elf zephyrmancers
  2 cyclopes
  5 wolf spiders
  2 fauns (shapeshifter)
  A tengu skeleton (Vaults:3)
  An iron dragon zombie (Depths:2)
  2 manticores
  24 ugly things
  4 moths of wrath
  A merfolk siren (Shoals:2)
  A fire giant skeleton (Vaults:3)
  An apocalypse crab (Zig:6)
  A water nymph (Shoals:3)
  3 torpor snails
  5 vault sentinels
  An ice statue (Zig:8)
  A demonic crawler (Spider:1)
  2 smoke demons
  2 human skeletons (Vaults:3)
  A cane toad (Lair:5)
  4 elf skeletons
  5 yaktaurs
  4 freezing wraiths
  An efreet (D:15)
  A yaktaur skeleton (Vaults:3)
  A golden dragon simulacrum (Depths:2)
  A troll (Vaults:4)
  2 tengu conjurers
  A komodo dragon (Lair:5)
  5 hornets
  4 merfolk
  A wind drake (Shoals:3)
  A polar bear (Lair:4)
  2 tarantellas (Spider:4)
  A deep troll zombie (Vaults:1)
  4 snapping turtles (Shoals:4)
  A frost giant simulacrum (Depths:2)
  4 blink frogs (Lair:5)
  3 jumping spiders
  21 slime creatures
  2 culicivoras
  3 spriggans (Depths:2)
  2 shadows
  5 water elementals
  An ettin skeleton (Vaults:3)
  10 yaks
  A large abomination (Lair:5)
  2 basilisks (Lair:5)
  A chaos spawn (Zig:6)
  A human simulacrum (Vaults:4)
  A human zombie (Vaults:2)
  10 redbacks
  A vampire mosquito (D:11)
  A glowing shapeshifter zombie (Vaults:1)
  An ogre zombie (Vaults:2)
  2 water moccasins
  A glowing shapeshifter skeleton (Vaults:3)
  5 orc warriors
  An ettin simulacrum (Vaults:3)
  A boggart (Vaults:3)
  3 ogres
  A bullfrog (Lair:2)
  An earth elemental (Elf:2)
  2 glowing shapeshifter simulacra (Vaults:4)
  5 orc priests
  5 orc wizards (Orc:2)
  10 orcs
  A bush (Shoals:3)
564 creatures vanquished.

Vanquished Creatures (others)
  A deep elf master archer (Zig:4)
  A lich (Depths:2)
  A frost giant (Shoals:4)
  3 yaktaur captains
  A radroach (Spider:2)
  3 centaur warriors
  A deep elf pyromancer (Elf:1)
  A sea snake (Shoals:4)
  2 vault sentinels
  8 yaktaurs
  A tarantella (Spider:2)
  A redback (Spider:2)
  A centaur (D:8)
  15 knights
  3 ancestors
  107 fungi
  A lost soul (Elf:2)
  287 plants
  4 starspawn tentacles (Shoals:2)
  6 tentacles
448 creatures vanquished.

Grand Total: 2594 creatures vanquished

Notes
Turn   | Place    | Note
-------+----------+-------------------------------------------
     0 | D:1      | Zappman123 the Barachi Ice Elementalist began the quest for
                  | the Orb.
     0 | D:1      | Reached XP level 1. HP: 13/13 MP: 3/3
   167 | D:1      | Reached skill level 5 in Ice Magic
   180 | D:1      | Reached XP level 2. HP: 11/19 MP: 0/5
   526 | D:1      | Reached XP level 3. HP: 15/24 MP: 0/6
   660 | D:1      | Learned a level 3 spell: Frozen Ramparts
   664 | D:1      | Learned a level 3 spell: Ozocubu's Armour
  1575 | D:2      | Found an opulent altar of Gozag.
  1601 | D:2      | Reached skill level 1 in Fighting
  1601 | D:2      | Reached XP level 4. HP: 22/32 MP: 5/8
  2279 | D:3      | Noticed Jessica
  2286 | D:3      | Killed Jessica
  2287 | D:3      | Reached XP level 5. HP: 37/41 MP: 4/9
  2604 | D:3      | Found a burning altar of Makhleb.
  2604 | D:3      | Noticed a green death
  2607 | D:3      | Noticed a smoke demon
  2607 | D:3      | Noticed a ynoxinul
  2749 | D:3      | Found a radiant altar of Vehumet.
  2791 | D:4      | Noticed Robin
  2792 | D:4      | Found a runed translucent gate.
  2792 | D:4      | Found a runed translucent gate.
  2792 | D:4      | Found a runed translucent gate.
  2792 | D:4      | Noticed DEFE's ghost (novice DsWn)
  2935 | D:4      | Killed Robin
  2939 | D:4      | Reached XP level 6. HP: 36/48 MP: 7/10
  3041 | D:4      | Found a glowing drain.
  3051 | Sewer    | Entered a sewer
  3172 | Sewer    | Reached skill level 5 in Dodging
  3311 | Sewer    | Reached XP level 7. HP: 35/54 MP: 11/11
  3900 | D:4      | Found a staircase to the Ecumenical Temple.
  3909 | Temple   | Entered the Ecumenical Temple
  4375 | D:4      | Gained mutation: You are occasionally teleported next to
                  | monsters. [potion of mutation]
  4375 | D:4      | Gained mutation: You have hidden genetic potential. [potion
                  | of mutation]
  4375 | D:4      | Gained mutation: You are clumsy. (Dex -2) [potion of
                  | mutation]
  4375 | D:4      | Gained mutation: Your flesh is cold resistant. (rC+)
                  | [potion of mutation]
  4586 | D:5      | Entered Level 5 of the Dungeon
  5119 | D:5      | Found an opulent altar of Gozag.
  5155 | D:5      | Reached XP level 8. HP: 48/61 MP: 12/12
  5241 | D:5      | Found an ancient bone altar of Kikubaaqudgha.
  5432 | D:5      | Gained mutation: Your system is resistant to poisons.
                  | (rPois) [hidden potential]
  5553 | D:5      | Reached skill level 5 in Fighting
  5815 | D:6      | Noticed a yak
  5815 | D:6      | Noticed a yak
  5815 | D:6      | Noticed a yak
  5815 | D:6      | Noticed a yak
  5816 | D:6      | Noticed a yak
  5816 | D:6      | Noticed a yak
  6241 | D:6      | Found a shimmering blue altar of Sif Muna.
  6241 | D:6      | Noticed Pikel
  6613 | D:6      | Killed Pikel
  6614 | D:6      | Reached skill level 5 in Spellcasting
  6614 | D:6      | Reached XP level 9. HP: 53/69 MP: 14/16
  6622 | D:6      | Gained mutation: You have a pair of small antennae on your
                  | head. [hidden potential]
  6622 | D:6      | Lost mutation: You have hidden genetic potential. [hidden
                  | potential expressed]
  6714 | D:6      | Found a sacrificial altar of Ru.
  7110 | D:6      | Reached skill level 10 in Ice Magic
  8077 | D:7      | Learned a level 7 spell: Ozocubu's Refrigeration
  8200 | D:7      | Reached XP level 10. HP: 76/76 MP: 17/17
  9300 | D:8      | Found a blossoming altar of Fedhas.
  9340 | D:8      | Found Fuhenuy's Weapon Shoppe.
  9374 | D:8      | Noticed Erica
  9380 | D:8      | Killed Erica
  9470 | D:8      | Found a broken altar of Ashenzari.
  9605 | D:8      | Found a stormy altar of Qazlal.
 10019 | D:9      | Found an iron altar of Okawaru.
 10019 | D:9      | Found Esygg's Distillery.
 10028 | D:9      | Reached skill level 15 in Ice Magic
 10154 | D:9      | Bought a potion of haste for 110 gold pieces
 10154 | D:9      | Bought a potion of heal wounds for 55 gold pieces
 10169 | D:9      | Found a large runed translucent door.
 10170 | D:9      | Found a large runed translucent door.
 10172 | D:9      | Noticed CoolSool's ghost (novice FeCj)
 10769 | D:9      | Found a basalt altar of Yredelemnul.
 10904 | D:9      | Killed CoolSool's ghost
 10905 | D:9      | Reached XP level 11. HP: 81/81 MP: 18/18
 11095 | D:10     | Entered Level 10 of the Dungeon
 11095 | D:10     | Noticed DEFE's ghost (novice DsWn)
 11095 | D:10     | Found a runed translucent gate.
 11095 | D:10     | Found a runed translucent gate.
 11095 | D:10     | Found a runed translucent gate.
 11621 | D:10     | Found a staircase to the Lair.
 11658 | D:10     | Found a snail-covered altar of Cheibriados.
 11667 | D:10     | Found a staircase to the Orcish Mines.
 11714 | D:10     | Noticed Erolcha
 11719 | D:10     | Killed Erolcha
 11936 | D:10     | Noticed a two-headed ogre
 12391 | D:10     | Noticed Psyche
 12393 | D:10     | Killed Psyche
 12677 | D:10     | Killed a two-headed ogre
 12780 | D:10     | Found a hazy altar of Hepliaklqana.
 12978 | D:10     | Became a worshipper of Hepliaklqana the Forgotten
 13333 | Lair:1   | Entered Level 1 of the Lair of Beasts
 13345 | Lair:1   | Reached XP level 12. HP: 66/88 MP: 17/20
 14678 | Lair:1   | Noticed a five-headed hydra
 14680 | Lair:1   | Killed a five-headed hydra
 15063 | Lair:2   | Noticed a death yak
 15063 | Lair:2   | Noticed a death yak
 15064 | Lair:2   | Noticed a death yak
 15066 | Lair:2   | Noticed a death yak
 15067 | Lair:2   | Noticed a death yak
 15068 | Lair:2   | Killed a death yak
 15068 | Lair:2   | Killed a death yak
 15071 | Lair:2   | Killed a death yak
 15434 | Lair:2   | Reached * piety under Hepliaklqana
 15559 | Lair:2   | Killed a death yak
 15560 | Lair:2   | Gained mutation: You can hop long distances. [Barachi
                  | growth]
 15560 | Lair:2   | Reached XP level 13. HP: 83/83 MP: 15/26
 15837 | Lair:2   | Reached skill level 10 in Dodging
 16178 | Lair:2   | Reached skill level 10 in Spellcasting
 16400 | Lair:2   | Reached skill level 1 in Evocations
 16841 | Lair:3   | Found a dark tunnel.
 16911 | Volcano  | Entered a volcano
 17033 | Volcano  | Reached ** piety under Hepliaklqana
 17034 | Volcano  | Remembered your ancestor TehSir as a knight
 17281 | Volcano  | Noticed a fire dragon
 17282 | Volcano  | Killed a fire dragon
 17325 | Volcano  | Reached XP level 14. HP: 97/97 MP: 28/28
 17463 | Lair:3   | Noticed Urug
 17467 | Lair:3   | Killed Urug
 17468 | Lair:3   | Reached skill level 1 in Armour
 17673 | Lair:3   | Found a staircase to the Shoals.
 17725 | Lair:3   | Found a hole to the Spider Nest.
 18253 | Lair:4   | Reached *** piety under Hepliaklqana
 18695 | Lair:4   | You fall into a shaft and drop 1 floor!
 18695 | Lair:5   | Entered Level 5 of the Lair of Beasts
 18723 | Lair:5   | Reached skill level 10 in Fighting
 18753 | Lair:5   | Reached XP level 15. HP: 27/103 MP: 17/29
 19474 | Lair:5   | Reached skill level 5 in Armour
 19533 | Lair:5   | Reached **** piety under Hepliaklqana
 19560 | Lair:5   | Found a staircase to the Slime Pits.
 19560 | Lair:5   | Found a viscous altar of Jiyva.
 20840 | Lair:5   | Found a corrupted altar of Lugonu.
 20840 | Lair:5   | Found a one-way gate to the infinite horrors of the Abyss.
 21204 | Orc:1    | Entered Level 1 of the Orcish Mines
 21775 | Orc:1    | Noticed Harold
 21779 | Orc:1    | Killed Harold
 21872 | Orc:1    | Reached ***** piety under Hepliaklqana
 22041 | Orc:2    | Entered Level 2 of the Orcish Mines
 22041 | Orc:2    | Found a staircase to the Elven Halls.
 22042 | Orc:2    | Noticed Nessos
 22044 | Orc:2    | Killed Nessos
 22529 | Orc:2    | Reached skill level 10 in Armour
 22965 | Orc:2    | Found Qishrikhlag's Book Emporium.
 22965 | Orc:2    | Found Cuumodis's Distillery.
 22965 | Orc:2    | Found Junkah's Armour Emporium.
 22970 | Orc:2    | Found Bur Mate's Magic Scroll Shoppe.
 22973 | Orc:2    | Bought a book of Spatial Translocations for 252 gold pieces
 22976 | Orc:2    | Learned a level 2 spell: Blink
 22978 | Orc:2    | Bought a potion of curing for 45 gold pieces
 22978 | Orc:2    | Bought a potion of curing for 45 gold pieces
 22978 | Orc:2    | Bought a potion of heal wounds for 75 gold pieces
 22979 | Orc:2    | Bought a scroll of teleportation for 51 gold pieces
 22979 | Orc:2    | Bought a scroll of magic mapping for 127 gold pieces
 22979 | Orc:2    | Bought 3 scrolls of enchant armour for 382 gold pieces
 22979 | Orc:2    | Bought a scroll of enchant armour for 127 gold pieces
 23407 | Orc:2    | Bought a scarf of invisibility for 156 gold pieces
 24488 | D:12     | Reached skill level 1 in Invocations
 25370 | D:13     | Reached XP level 16. HP: 109/109 MP: 30/30
 26836 | D:14     | Reached skill level 1 in Translocations
 26917 | D:14     | Noticed SlaveLabor's ghost (adept DrFE)
 27256 | D:14     | Found a transporter.
 27258 | D:14     | Found a transporter.
 27261 | D:14     | Found a bloodstained altar of Trog.
 27439 | D:14     | Found a gate to the Vaults.
 27555 | D:15     | Entered Level 15 of the Dungeon
 27599 | D:15     | Reached skill level 10 in Evocations
 27790 | D:15     | Noticed Zemnit's ghost (adept OgFi)
 27835 | D:15     | Found a staircase to the Depths.
 28307 | Shoals:1 | Entered Level 1 of the Shoals
 28368 | Shoals:1 | Noticed Donald
 28376 | Shoals:1 | Killed Donald
 28377 | Shoals:1 | Reached skill level 5 in Invocations
 29596 | Shoals:2 | Noticed Mlioglotl
 29598 | Shoals:2 | Noticed a bone dragon
 29603 | Shoals:2 | Noticed Polyphemus
 29691 | Shoals:2 | Killed Mlioglotl
 29692 | Shoals:2 | Reached skill level 1 in Shields
 29889 | Shoals:2 | Noticed Ilsuiw
 29901 | Shoals:2 | Killed Ilsuiw
 30152 | Shoals:2 | Killed Polyphemus
 30153 | Shoals:2 | Reached skill level 5 in Shields
 30153 | Shoals:2 | Reached XP level 17. HP: 101/114 MP: 5/31
 30793 | Shoals:3 | Found Faredoilel's Weapon Boutique.
 31008 | Shoals:3 | HP: 5/115 [wind drake/the air (19)]
 31257 | Shoals:3 | Found Zoyshauth's Distillery.
 31261 | Shoals:3 | Found Zelo's Armour Shoppe.
 31306 | Shoals:3 | Bought a +2 cloak of preservation for 322 gold pieces
 31325 | Shoals:3 | Bought 2 potions of heal wounds for 160 gold pieces
 31325 | Shoals:3 | Bought a potion of heal wounds for 80 gold pieces
 31325 | Shoals:3 | Reached ****** piety under Hepliaklqana
 31355 | Shoals:3 | Found a large runed translucent door.
 31411 | Shoals:3 | Found a large runed translucent door.
 31416 | Shoals:3 | Noticed Xeucuol's ghost (adept MiFi)
 31535 | Shoals:3 | Reached skill level 10 in Shields
 31671 | Shoals:3 | Noticed a kraken
 31675 | Shoals:3 | Killed a kraken
 32266 | Shoals:3 | Identified the ring "Fazipp" {rC++ SInv}
 32427 | Shoals:4 | Entered Level 4 of the Shoals
 32525 | Shoals:4 | Noticed a kraken
 32530 | Shoals:4 | Killed a kraken
 33945 | Shoals:4 | Identified the +9 battleaxe of Moral Flaws {speed, rC+}
 34141 | Shoals:4 | Identified the ring "Teduxtoa" {rCorr Str+2 Int-3 SInv}
 34360 | Shoals:4 | Reached XP level 18. HP: 120/120 MP: 21/32
 34614 | Shoals:4 | Got a barnacled rune of Zot
 35165 | Elf:1    | Entered Level 1 of the Elven Halls
 35660 | Elf:1    | Reached skill level 15 in Shields
 36131 | Elf:1    | Found Ruatoz's Antique Armour Shop.
 36132 | Elf:1    | Found Kuobeb's Armour Boutique.
 36148 | Elf:1    | Bought a shimmering cloak for 275 gold pieces
 36148 | Elf:1    | Identified the +1 cloak of Beauty {rC+} (You bought it in a
                  | shop on level 1 of the Elven Halls)
 36283 | Elf:1    | Found Ziqedil's Neck Hole.
 36427 | Elf:1    | Paralysed by an air elemental for 1 turns
 36429 | Elf:1    | Identified the +7 falchion "Vyolu" {protect, rN++ Dex+2}
 36485 | Elf:1    | Found a runed translucent gate.
 36485 | Elf:1    | Found a runed translucent gate.
 36485 | Elf:1    | Found a runed translucent gate.
 36485 | Elf:1    | Found a runed translucent gate.
 36485 | Elf:1    | Found a runed translucent gate.
 36488 | Elf:1    | Found a runed translucent gate.
 36958 | Elf:2    | Found Neavomeo's Magic Scroll Boutique.
 36959 | Elf:2    | Noticed a deep elf blademaster
 37187 | Orc:2    | Lost mutation: You are occasionally teleported next to
                  | monsters. [potion of mutation]
 37187 | Orc:2    | Lost mutation: You are clumsy. (Dex -2) [potion of
                  | mutation]
 37187 | Orc:2    | Gained mutation: You occasionally lose the ability to drink
                  | potions when taking damage. [potion of mutation]
 37370 | Spider:1 | Entered Level 1 of the Spider Nest
 38215 | Spider:1 | Reached skill level 5 in Translocations
 38382 | Spider:1 | Identified the +7 war axe of Fear {heavy, rF+ Str+2 Int+2}
 38633 | Spider:2 | Noticed Arachne
 38755 | Spider:1 | Killed Arachne
 38949 | Spider:1 | Reached XP level 19. HP: 126/126 MP: 29/33
 39249 | Spider:2 | Noticed Nikola
 39259 | Spider:2 | Killed Nikola
 39517 | Spider:2 | Noticed Agnes
 39523 | Spider:2 | Killed Agnes
 40529 | Spider:3 | Found a runed translucent door.
 40536 | Spider:3 | Noticed Nonseq's ghost (adept GrEE)
 41095 | Spider:4 | Entered Level 4 of the Spider Nest
 41282 | Spider:4 | Found a runed translucent gate.
 41285 | Spider:4 | Found a runed translucent gate.
 41285 | Spider:4 | Noticed Cosiarut's ghost (journeyman FeSu)
 41286 | Spider:4 | Found a runed translucent gate.
 43026 | Spider:4 | Got a gossamer rune of Zot
 43576 | Elf:2    | Bought a scroll of enchant armour for 112 gold pieces
 43576 | Elf:2    | Bought a scroll of blinking for 112 gold pieces
 43961 | Elf:2    | Found a runed translucent gate.
 43961 | Elf:2    | Found a runed translucent gate.
 43961 | Elf:2    | Found a runed translucent gate.
 44181 | Elf:2    | Got the Catalogue of Hyperborean Metamorphosis
 44316 | Elf:2    | Paralysed by an air elemental for 1 turns
 44443 | Elf:2    | Identified a scroll of acquirement
 44445 | Elf:2    | Acquired 996 gold pieces
 44483 | Elf:3    | Entered Level 3 of the Elven Halls
 44483 | Elf:3    | Found an ancient bone altar of Kikubaaqudgha.
 44719 | Elf:3    | Reached XP level 20. HP: 111/137 MP: 14/37
 44963 | Elf:3    | Reached XP level 21. HP: 143/143 MP: 39/39
 45113 | Elf:3    | Identified the +1 rapier "Higg" {freeze, Fly rF+ Str+5}
 45350 | Elf:3    | Identified the +5 scimitar of Lust {speed, rElec rC-
                  | Stlth+}
 45352 | Elf:3    | Reached skill level 15 in Spellcasting
 45410 | Elf:3    | Identified the +5 war axe "Yraew" {vamp, rElec Str+2 Int-2}
 45559 | Elf:3    | Identified the +3 bardiche of Aggeh {heavy, Contam rC++
                  | Will+ SInv}
 45666 | Elf:3    | Identified the +1 chain mail "Damnable Contraption" {Int+3
                  | SInv}
 46084 | Elf:3    | Identified the +1 scale mail "Dyigiyce" {rC- Slay+5}
 46164 | Elf:3    | Identified the +7 whip of Dissolution {elec, Dex+3}
 46165 | Elf:3    | Identified the +0 pair of gloves of Naha {rF+ Dex+5 Stlth-}
 46191 | Elf:3    | Identified the +4 arbalest "Hydraslayer" {heavy, Str+3}
 46321 | Elf:3    | Got the Quarto of the Aged Runes
 46487 | Elf:3    | Learned a level 3 spell: Swiftness
 46754 | Vaults:1 | Entered Level 1 of the Vaults
 46762 | Vaults:1 | Reached skill level 1 in Air Magic
 48503 | Vaults:1 | Reached skill level 1 in Polearms
 49521 | Vaults:1 | Reached skill level 10 in Invocations
 49662 | Vaults:1 | Reached XP level 22. HP: 148/148 MP: 10/41
 50373 | Vaults:1 | Found Inkulase's Jewellery Emporium.
 51769 | Vaults:2 | Reached skill level 5 in Air Magic
 51770 | Vaults:2 | Reached skill level 5 in Polearms
 52722 | Vaults:2 | Found the amulet of the Air {Inacc Air Fly rElec RMsl}
 55624 | Vaults:3 | Found a staircase to the Crypt.
 55713 | Vaults:3 | Reached skill level 1 in Conjurations
 56135 | Vaults:3 | Found Zaodd's Antique Armour Shop.
 56411 | Vaults:3 | Reached skill level 5 in Conjurations
 57317 | Vaults:3 | Reached XP level 23. HP: 154/154 MP: 27/42
 57439 | Vaults:3 | Identified the ring of Conversion {Drain rC+ rCorr Int+3
                  | Stlth+}
 57470 | Vaults:3 | Got the Vademecum on Helpful Causimancy
 57599 | Vaults:3 | Learned a level 7 spell: Orb of Destruction
 59626 | Vaults:4 | Reached skill level 10 in Conjurations
 59630 | Vaults:4 | Noticed Aizul
 59659 | Vaults:4 | Killed Aizul
 59975 | Vaults:4 | Noticed Saint Roka
 59986 | Vaults:4 | Killed Saint Roka
 62182 | Depths:1 | Entered Level 1 of the Depths
 62259 | D:15     | Found a runed translucent gate.
 62259 | D:15     | Found a runed translucent gate.
 62259 | D:15     | Found a runed translucent gate.
 62647 | D:15     | Identified the +1 chain mail of the Sea {Regen+ Int+3}
 63313 | D:15     | Killed Zemnit's ghost
 64431 | Depths:1 | Reached skill level 15 in Conjurations
 64534 | Depths:1 | Noticed Asterion
 64541 | Depths:1 | Killed Asterion
 64833 | Depths:1 | Noticed Sojobo
 64842 | Depths:1 | Killed Sojobo
 64843 | Depths:1 | Reached XP level 24. HP: 147/166 MP: 12/42
 65080 | Depths:1 | Found a gateway to Hell.
 65087 | Depths:1 | Found a one-way gate leading to the halls of Pandemonium.
 65585 | Depths:1 | Found a basalt altar of Yredelemnul.
 65672 | Depths:1 | Found a glowing silver altar of Zin.
 66284 | Depths:1 | Identified the +4 demon trident of Wrath {drain, rN+ Will+}
 67173 | Depths:2 | Found a corrupted altar of Lugonu.
 67189 | Depths:2 | Noticed the Enchantress
 67831 | Depths:2 | Found a hide-covered altar of Uskayaw.
 67957 | Depths:2 | Noticed a juggernaut
 67964 | Depths:2 | Killed a juggernaut
 68282 | Depths:2 | Noticed a caustic shrike
 68285 | Depths:2 | Noticed a caustic shrike
 68288 | Depths:2 | Noticed a caustic shrike
 68289 | Depths:2 | Killed a caustic shrike
 68290 | Depths:2 | Killed a caustic shrike
 68292 | Depths:2 | Killed a caustic shrike
 68294 | Depths:2 | Noticed a caustic shrike
 68307 | Depths:2 | Killed a caustic shrike
 68864 | Depths:2 | Noticed a caustic shrike
 68871 | Depths:2 | Killed a caustic shrike
 68874 | Depths:2 | Identified the amulet of Hepliaklqana's Esteem {RegenMP
                  | rPois Regen+ Str-4 Int+2}
 69310 | Depths:2 | Noticed a caustic shrike
 69310 | Depths:2 | Noticed a caustic shrike
 69327 | Depths:2 | Killed a caustic shrike
 69329 | Depths:2 | Noticed a caustic shrike
 69330 | Depths:2 | Killed a caustic shrike
 69336 | Depths:2 | Killed a caustic shrike
 69797 | Depths:1 | Killed the Enchantress
 70090 | Depths:2 | Identified the ring "Usin" {Ice *Corrode rElec rN++ Int+3}
 71028 | Depths:2 | Reached XP level 25. HP: 146/167 MP: 15/43
 71523 | Depths:2 | Identified the +6 rapier of Sloth {heavy, Str-4 Dex+10}
 71792 | Depths:2 | Got the Tractate on Graupel and Misery
 72032 | Depths:2 | Found the +6 arbalest "Damnation" {damnation}
 72113 | Depths:2 | Noticed Zappman123's ghost (veteran MiFi)
 72114 | Depths:2 | Identified the +7 great mace "Bevurep" {freeze, rPois
                  | Dex+3}
 72114 | Depths:2 | Identified the +0 great mace of Exchange {drain, rPois rF+
                  | Int+2}
 72118 | Depths:2 | Found a transporter.
 72162 | Depths:2 | Found a transporter.
 72457 | Depths:3 | Found a one-way gateway to a ziggurat.
 72587 | Depths:3 | Found the +8 longbow "Zephyr" {speed, Dex+3 SInv}
 73147 | Depths:3 | Identified the amulet "Hulu" {RegenMP Str+8}
 73152 | Depths:3 | Got the Almanac of Thunder and Locality
 73267 | Depths:3 | Found Jalidan's Weapon Shoppe.
 73889 | Depths:4 | Entered Level 4 of the Depths
 74059 | Depths:4 | Got the Vellum of the Frostbitten Arsonist
 74110 | Depths:4 | Reached skill level 15 in Fighting
 74892 | Depths:4 | Found a gate to the Realm of Zot.
 75634 | Depths:4 | Found a portal to a secret trove of treasure.
 76463 | Vaults:5 | Entered Level 5 of the Vaults
 76471 | Vaults:5 | Reached XP level 26. HP: 149/183 MP: 18/45
 76494 | Vaults:5 | Identified the +9 shortbow "Zeog" {drain, SInv}
 77040 | Vaults:5 | Noticed an ancient lich
 77178 | Vaults:5 | Killed an ancient lich
 77526 | Vaults:5 | Identified the +2 whip "Cixenemo" {heavy, Str+2}
 77526 | Vaults:5 | Identified the ring of Sahaof {Fly rF+}
 77685 | Vaults:5 | Noticed an ancient lich
 77688 | Vaults:5 | Killed an ancient lich
 77852 | Vaults:5 | Identified the +3 falchion of Internal Strife {heavy, rPois
                  | Str+3 Int-5}
 78210 | Vaults:5 | Noticed a dread lich
 78218 | Vaults:5 | Killed a dread lich
 78521 | Vaults:5 | Identified the amulet of Imiodgho {RegenMP rF- rCorr Str+3}
 78667 | Vaults:5 | Identified the +8 halberd of Summer {elec, rPois rN+ Str+5}
 78759 | Vaults:5 | Reached skill level 15 in Armour
 79710 | Vaults:5 | Reached skill level 15 in Dodging
 80075 | Vaults:5 | Identified the +8 mace of Cicaikezya {speed, Int+3}
 80176 | Vaults:5 | Got a silver rune of Zot
 80492 | Zig:1    | Entered Level 1 of a ziggurat
 80551 | Zig:2    | Entered Level 2 of a ziggurat
 80553 | Zig:2    | Noticed an ancient lich
 80558 | Zig:2    | Killed an ancient lich
 80648 | Zig:3    | Entered Level 3 of a ziggurat
 80746 | Zig:4    | Entered Level 4 of a ziggurat
 80913 | Zig:4    | Reached XP level 27. HP: 193/193 MP: 45/45
 80919 | Zig:5    | Entered Level 5 of a ziggurat
 81097 | Zig:5    | Identified the +4 plate armour "Trusted Companion" {Harm
                  | Int-5 Dex-4 Stlth+}
 81108 | Zig:6    | Entered Level 6 of a ziggurat
 81206 | Zig:6    | Identified the +8 halberd "Imuecoeck" {heavy, Str+3}
 81319 | Zig:7    | Entered Level 7 of a ziggurat
 81480 | Zig:8    | Entered Level 8 of a ziggurat
 81920 | Zig:8    | Identified the ring "Poydoz" {Ice Int+4}
 81993 | Zot:1    | Entered Level 1 of the Realm of Zot
 83427 | Zot:5    | Entered Level 5 of the Realm of Zot
 83645 | Zot:4    | Noticed Grunn
 83659 | Zot:4    | Killed Grunn
 84710 | Zot:5    | Noticed an orb of fire
 84719 | Zot:5    | Killed an orb of fire
 85114 | Zot:5    | Noticed an orb of fire
 85313 | Zot:5    | Killed an orb of fire
 86164 | Zot:5    | Acquired 1041 gold pieces
 86328 | Zot:5    | Noticed an ancient lich
 86334 | Zot:5    | Killed an ancient lich
 86509 | Zot:5    | Noticed an ancient lich
 86524 | Zot:5    | Killed an ancient lich
 86834 | Zot:5    | Noticed an ancient lich
 86839 | Zot:5    | Killed an ancient lich
 87046 | Zot:5    | Noticed an orb of fire
 87054 | Zot:5    | Killed an orb of fire
 88330 | Zot:5    | Got the Orb of Zot
 88608 | D:14     | Noticed Kudel the pandemonium lord
 88957 | D:$      | Escaped with the Orb!

Illustrated notes

Levels and vault maps discovered:
D:1:      dpeg_arrival_connections, layout_basic, lexackson_kobold_supper
D:2:      layout_rooms, basic_altar, minmay_tetromino_i4
D:3:      layout_rooms, marbit_many_paths, makhleb_altar_promises_db,
          uniq_jessica
D:4:      layout_layer_cave, minmay_temple_entry_hall, gammafunk_ghost_split,
          gup_sewer_entry_bubbles, nicolae_titane, uniq_robin
D:5:      layout_basic, kiku_gazebo_pond_becter,
          mainiacjoe_overflow_surrounded_room, kennysheep_doodads
D:6:      layout_basic, amcnicky_altar_gilded,
          mainiacjoe_overflow_small_starburst, uniq_pikel
D:7:      layout_loops_corners
D:8:      layout_rooms, fedhas_altar_2, cheibrodos_ashenzari_chains,
          nicolae_qazlal_scattered_showers, serial_shops,
          nicolae_shop_bloodbath_and_beyond, uniq_erica
D:9:      layout_small_grid, okawaru_gym_becter, mainiacjoe_overflow_chevrons,
          serial_shops, shop, ebering_ghost_disaster_area
D:10:     layout_roguey, lemuel_coloured_pillars_altar, lemuel_doored_altar,
          due_lair_maze_entry_diamond, ebering_ghost_rock_garden, uniq_erolcha,
          uniq_psyche
D:11:     minmay_wavy_crystal, layout_irregular_city
D:12:     layout_roguey, minmay_misc_feat_pillars
D:13:     layout_basic
D:14:     layout_long_grid, david_vaults_4, corexii_corridor_pit,
          gammafunk_ghost_wrathful_warriors
D:15:     grunt_enter_depths_snipers, layout_long_grid,
          maelrawn_ghost_gauntlet_escape, serial_park_tiny_1, drop_trap,
          minmay_mirror_moons_of_madness
Temple:   dpeg_three_leaves_temple
Lair:1:   layout_gridlike, pdpol_lair_cavern_descent, serial_bayou_shore_b,
          lemuel_fruit_tree, serial_bayou_shore_a
Lair:2:   layout_cave_pods
Lair:3:   layout_regular_city, minmay_shoals_entry_hut, spider_nest_entry_a,
          nicolae_volcano_entry_hallway, serial_bayou_pond_b,
          beast_lair_carwin_2, lemuel_fruit_fields, uniq_urug
Lair:4:   layout_cave_pods, serial_bayou_ford_a, lemuel_fruit_fields
Lair:5:   hellmonk_lair_end_abyssal_woods, layout_regular_city, slime_entry_1
Shoals:1: layout_shoals, uniq_donald
Shoals:2: layout_shoals, uniq_ilsuiw, uniq_polyphemus, uniq_mlioglotl
Shoals:3: argonaut_golden_fleece, layout_shoals, serial_shops,
          nicolae_diamond_shop, shop, shop_statue, ebering_ghost_disaster_area,
          nicolae_shoals_lost_giant_hut, nicolae_shoals_sun_and_surf
Shoals:4: shoals_end_grunt_ice, layout_shoals
Spider:1: layout_spider_delve, nicolae_spider_webs_and_nodes,
          nicolae_spider_scorpion_nest
Spider:2: layout_spider_delve, nicolae_spider_moth_buddies, uniq_nikola,
          uniq_arachne, uniq_agnes
Spider:3: layout_cave_pods, ebering_ghost_reflecting_pool
Spider:4: spider_rune_water, gammafunk_ghost_split
Orc:1:    layout_diamond_mine, basic_altar, uniq_harold
Orc:2:    st_orc_mages, layout_diamond_mine, nicolae_orc_bridge_out,
          nicolae_orc_lava_tube, uniq_nessos
Elf:1:    eino_elf_arrival_customs, layout_rooms, orc_legates,
          small_statue_intersection, nicolae_shop_sticking_my_neck_out,
          minmay_shoptagon
Elf:2:    nicolae_elf_blades_splatter_lattice
          [nicolae_blade_entry_sentries_behind_glass], layout_loops_cross,
          serial_shops, nicolae_shop_stone, nicolae_elf_deep_mausoleum
Elf:3:    minmay_elf_hall_furrowed, layout_gridlike, basic_altar,
          grunt_megastairs_2
Vaults:1: vaults_mumra_minichess_inversion, v_misc_33, nicolae_vaults_arrows,
          v_misc_15, vaults_room_stairs_pillars, hangedman_vaults_capsules,
          vaults_dpeg_ring, ontoclasm_vaults_chip, nicolae_vaults_alarming,
          nicolae_vaults_c_with_doors, layout_vaults_omnibox, serial_shops,
          nicolae_shop_behind_doors
Vaults:2: hangedman_vaults_stagger, vaults_dpeg_spiral,
          nicolae_vaults_network_square, v_misc_9, v_rooms_6,
          nicolae_vaults_network_s, dpeg_vaults_monster_box,
          layout_vaults_chaotic_city
Vaults:3: v_misc_15, v_alt_pattern_4, v_alt_pattern_2,
          minmay_crypt_entry_skeletal_spiral, v_misc_2, v_misc_23,
          hangedman_vaults_river_flow, serial_ice_b, hangedman_vaults_stitches,
          nicolae_vaults_diagonal_hallway_8, v_rooms_6, v_misc_28,
          st_quartered_hall, vaults_room_pools, vaults_room_door_ring,
          ontoclasm_vaults_ring_small, nicolae_vaults_rhombus_6,
          layout_vaults_maze, serial_shops,
          nicolae_shop_temple_entry_statues_fountains
Vaults:4: v_misc_17, nicolae_vaults_three_branches,
          nicolae_vaults_branching_niches, hangedman_vaults_stream,
          nicolae_vaults_what_the_h, v_rooms_3, hangedman_vaults_restitches,
          ontoclasm_vaults_ring_small, ontoclasm_vaults_bender,
          vaults_mumra_hex, layout_vaults_big_cross, uniq_aizul, uniq_saint_roka
Vaults:5
Depths:1: layout_gridlike, lemuel_crystal_altar, hellmouth_3, pan_entry,
          grunt_ministairs_7, nrook_mini_vaults,
          yredelemnul_forgotten_temple_becter, uniq_sojobo, uniq_asterion
Depths:2: grunt_twisty_corner, layout_cave_shapes, grunt_hell_entry_dis_grunt,
          pan_entry, nicolae_uskayaw_dance_hall, gammafunk_ghost_smash,
          abyss_entry_flame_altar, uniq_enchantress
Depths:3: minmay_strange_plus, layout_gridlike, enter_ziggurat_e,
          hangedman_decor_push, abyss_entry, hell_entry, serial_shops,
          nicolae_shop_crystal
Depths:4: grunt_zot_entry_pinwheel, layout_cave_pools, pf_hell_entry_tar_spiral,
          hangedman_abyss_entry_splay, nicolae_trove_entry_free_sample,
          chequers_serial_rivers_small_3
Zot:1:    layout_concentric_octagons, grunt_megastairs_4
Zot:2:    layout_basic, gammafunk_ghost_arena, basic_altar
Zot:3:    layout_gridville, gammafunk_ghost_tricky_traps, zot_minivault_1
Zot:4:    layout_cathedral_of_symmetry, grunt_megastairs_1, uniq_tiamat,
          uniq_grunn
Zot:5:    layout_cathedral_of_symmetry, grunt_ministairs_2, lemuel_lake_of_fire

Skill      XL: |  1  2  3  4  5  6  7  8  9 10 11 12 13 14 15 16 17 18 19 20 21 22 23 24 25 26 27 |
---------------+----------------------------------------------------------------------------------+-----
Ice Magic      | 5 6 8 12 16 19 20 21 22 | 22.0
Spellcasting   | 3 5 9 10 13 14 15 16 18 | 18.0
Fighting       | 1 3 4 6 9 10 12 14 16 17 21 | 21.5
Dodging        | 3 5 8 9 11 12 14 15 18 | 18.0
Evocations     | 6 7 8 12 | 12.0
Armour         | 3 11 12 13 14 15 18 | 18.0
Invocations    | 2 6 10 13 | 13.1
Translocations | 4 5 6 |  6.0
Shields        | 5 13 17 18 19 20 22 | 22.0
Air Magic      | 4 6 |  6.0
Polearms       | 4 6 |  6.0
Conjurations   | 6 15 20 | 20.0
Stealth        | |  1.7

Action                     |  1- 3 |  4- 6 |  7- 9 | 10-12 | 13-15 | 16-18 | 19-21 | 22-24 | 25-27 || total
---------------------------+-------+-------+-------+-------+-------+-------+-------+-------+-------++-------
  Melee: Unarmed           |    11 |       |       |       |       |       |       |       |       ||    11
         Dagger            |    18 |    14 |    96 |    13 |       |       |       |       |       ||   141
         Punch             |       |     1 |     3 |       |       |       |       |       |       ||     4
         Staff             |       |       |       |     4 |     2 |     7 |    14 |     8 |    13 ||    48
         Demon trident     |       |       |       |       |       |    11 |    12 |    58 |    21 ||   102
  Throw: Dart              |       |       |     7 |    12 |       |       |     3 |     7 |     3 ||    32
         Throwing net      |       |       |       |       |       |     4 |       |     3 |       ||     7
   Cast: Freeze            |    50 |    72 |   132 |   204 |    71 |    25 |    12 |     7 |       ||   573
         Frozen Ramparts   |     2 |     9 |    22 |    32 |     5 |       |       |       |       ||    70
         Ozocubu's Armour  |       |       |    12 |    24 |     1 |     5 |     1 |     2 |       ||    45
         Ozocubu's Refrige |       |       |       |    43 |   213 |   447 |   349 |   454 |   298 ||  1804
         Blink             |       |       |       |       |       |     1 |     1 |     4 |     5 ||    11
         Swiftness         |       |       |       |       |       |       |       |     1 |     2 ||     3
         Orb of Destructio |       |       |       |       |       |       |       |    34 |   169 ||   203
 Invoke: Ancestor Life: Kn |       |       |       |       |     1 |       |       |       |       ||     1
         Ancestor Identity |       |       |       |       |     1 |       |       |       |       ||     1
         Recall Ancestor   |       |       |       |       |    10 |    19 |    12 |    17 |    15 ||    73
         Idealise          |       |       |       |       |       |     6 |     5 |     9 |     7 ||    27
Ability: Hop               |       |       |       |       |     1 |    13 |     9 |    10 |    19 ||    52
         Evoke Invisibilit |       |       |       |       |       |     2 |       |       |       ||     2
  Evoke: Wand              |       |       |     6 |    16 |    14 |     8 |     1 |     8 |    11 ||    64
         Box of beasts     |       |       |       |       |     1 |     6 |     3 |    10 |    10 ||    30
         Phantom mirror    |       |       |       |       |       |     6 |     4 |     7 |     6 ||    23
         Phial of floods   |       |       |       |       |       |     6 |     2 |     5 |     5 ||    18
         Lightning rod     |       |       |       |       |       |       |     4 |    28 |    36 ||    68
         Condenser vane    |       |       |       |       |       |       |       |     4 |     5 ||     9
         Tin of tremorston |       |       |       |       |       |       |       |     1 |     2 ||     3
    Use: Scroll            |       |     7 |     5 |    13 |     9 |    14 |    11 |     7 |    23 ||    89
         Potion            |       |       |     8 |     2 |     1 |     7 |     2 |     1 |    17 ||    38
   Stab: Invisible         |       |       |     1 |       |       |       |       |       |       ||     1
         Distracted        |       |       |       |       |       |     1 |     1 |       |       ||     2
 Armour: Robe              |    21 |    20 |    38 |    63 |    25 |       |       |       |       ||   167
         Fire dragon scale |       |       |       |       |    16 |    94 |    98 |   130 |   130 ||   468
  Dodge: Dodged            |    61 |    64 |   150 |   160 |    94 |   100 |    95 |   114 |   124 ||   962
  Block: Buckler           |       |       |       |       |       |    64 |    40 |       |       ||   104
         Kite shield       |       |       |       |       |       |       |    66 |   231 |   164 ||   461
         Reflection        |       |       |       |       |       |       |    13 |    45 |     6 ||    64

Table legend: (Time is in decaauts)
 A = Elapsed time spent in this place.
 B = Non-inter-level travel time spent in this place.
 C = Inter-level travel time spent in this place.
 D = Time resting spent in this place.
 E = Time spent auto-exploring this place.
 F = Levels seen in this place.
 G = Mean time per level.
                   A        B        C        D        E       F      G
               +--------+--------+--------+--------+--------+-----+--------+
         Total |  96846 |  87353 |   9493 |  24970 |  48511 |  58 | 1669.8 |
       Dungeon |  24116 |  20830 |   3286 |   4496 |  13297 |  15 | 1607.7 |
        Temple |    111 |    102 |      9 |      0 |     94 |   1 |  111.0 |
          Lair |   8899 |   7542 |   1357 |    945 |   5577 |   5 | 1779.8 |
        Shoals |   7239 |   6746 |    493 |   1772 |   3778 |   4 | 1809.8 |
   Spider Nest |   6703 |   6128 |    575 |   1025 |   4249 |   4 | 1675.8 |
  Orcish Mines |   3102 |   2622 |    480 |    564 |   1766 |   2 | 1551.0 |
   Elven Halls |   5586 |   4683 |    903 |   1308 |   2503 |   3 | 1862.0 |
        Vaults |  18737 |  17391 |   1346 |   4204 |  10326 |   5 | 3747.4 |
        Depths |  13089 |  12457 |    632 |   4857 |   5755 |   4 | 3272.2 |
           Zot |   6703 |   6293 |    410 |   4568 |    526 |   5 | 1340.6 |
      Ziggurat |   1507 |   1507 |      0 |   1096 |      4 |   8 |  188.4 |
         Sewer |    525 |    525 |      0 |      0 |    395 |   1 |  525.0 |
       Volcano |    523 |    523 |      0 |    133 |    235 |   1 |  523.0 |
               +--------+--------+--------+--------+--------+-----+--------+

Top non-repeatable levels by time:
Depths:1: 4980 daAuts
Vaults:3: 4316 daAuts
Vaults:4: 4046 daAuts
Depths:2: 3694 daAuts
Vaults:1: 3538 daAuts
Vaults:2: 3473 daAuts
    D:14: 3393 daAuts
Vaults:5: 3363 daAuts
   Zot:5: 2928 daAuts
    D:10: 2678 daAuts
   Zot:4: 2509 daAuts
   Elf:3: 2283 daAuts
Depths:4: 2282 daAuts
Shoals:3: 2278 daAuts
     D:6: 2206 daAuts
